 Dungeon Crawl Stone Soup version 0.18-a0-1649-g8d9735b (webtiles) character file.

557 namelastname112 the Chopper (level 7, -2/59 HPs)
             Began as a Purple Draconian Gladiator on Mar 29, 2016.
             Was an Initiate of Okawaru.
             Slain by an ogre
             ... wielding a +0 giant club
              (7 damage)
             ... on level 5 of the Dungeon.
             The game lasted 00:05:14 (4414 turns).

namelastname112 the Chopper (DrGl)                  Turns: 4414, Time: 00:05:14

Health: -2/59      AC:  8    Str: 17    XL:     7   Next: 9%
Magic:  7/7        EV: 14    Int:  9    God:    Okawaru [......]
Gold:   223        SH:  4    Dex: 17    Spells: 0 memorised, 6 levels left

rFire  . . .     SeeInvis .     a - +0 war axe
rCold  . . .     Gourm    .     (armour unavailable)
rNeg   . . .     Faith    .     (no shield)
rPois  .         Spirit   .     b - +0 hat
rElec  .         Dismiss  .     (no cloak)
rCorr  .         Reflect  +     q - +0 pair of gloves
SustAt .         Harm     .     h - +0 pair of boots
MR     ++...                    k - +4 amulet of reflection
Stlth  ++........               (no ring)
                                c - ring "Millo" {Wiz MR+ Dex+4}

@: very resistant to hostile enchantments, unstealthy
A: breathe power, unfitting armour, cold-blooded, AC +6
a: Breathe Dispelling Energy, Renounce Religion


You were on level 5 of the Dungeon.
You worshipped Okawaru.
Okawaru was noncommittal.
You were very hungry.

You visited 1 branch of the dungeon, and saw 5 of its levels.

You collected 223 gold pieces.

Inventory:

Hand Weapons
 a - a +0 war axe (weapon)
Armour
 b - a +0 hat (worn)
 h - a +0 pair of boots (worn)
 q - a +0 pair of gloves (worn)
Jewellery
 c - the ring "Millo" (left hand) {Wiz MR+ Dex+4}
   (You found it on level 5 of the Dungeon)

   [ring of wizardry]

   It improves your spell success rate.
   It affects your dexterity (+4).
   It affects your resistance to hostile enchantments.
 k - a +4 amulet of reflection (around neck)
Scrolls
 e - 3 scrolls of recharging {unknown}
 f - a scroll of remove curse {unknown}
 g - a scroll of magic mapping {unknown}
 i - 6 scrolls of identify {unknown}
 m - 3 scrolls of amnesia {unknown}
 n - 2 scrolls of immolation {unknown}
 s - a scroll of enchant armour {unknown}
 t - a scroll of blinking {unknown}
 v - a scroll of random uselessness {unknown}
Potions
 j - a potion of magic {unknown}
 o - a potion of haste {unknown}
Comestibles
 d - 3 bread rations
 l - 3 meat rations
 r - a royal jelly


   Skills:
 + Level 4.0 Fighting
 * Level 5.4 Axes
 + Level 3.7 Throwing
 + Level 4.1 Dodging
 + Level 0.7 Invocations


You had 6 spell levels left.
You didn't know any spells.

Dungeon Overview and Level Annotations

Branches:
Dungeon (5/15)
 Temple: D:4-7

Altars:
Ashenzari
Cheibriados
Elyvilon
Fedhas
Okawaru
Ru
Trog
Vehumet
Yredelemnul

Shops:
D:5 %

Annotations:
D:3 namelastname112's ghost, amateur DrGl
D:4 Dowan; Duvessa


Innate Abilities, Weirdness & Mutations

You can breathe bolts of dispelling energy.
Your rich purple scales are hard (AC +6).
Your body does not fit into most forms of armour.
You are cold-blooded and may be slowed by cold attacks.


Message History

The ogre closely misses you.
You slash the ogre!
The ogre is almost dead.
The ogre hits you with a giant club!
* * * LOW HITPOINT WARNING * * *
You hit the ogre.
The ogre is almost dead.
The ogre closely misses you.
You hit the ogre.
You kill the ogre!
Okawaru accepts your kill.
Your Fighting skill increases to level 4!
You have reached level 7!
Your scales start taking on a rich purple colour.
You learn Spellcasting much quicker.
You learn Hexes much quicker.
You learn Charms much quicker.
You learn Evocations quicker.
You can breathe bolts of dispelling energy.
You feel your strength returning. The ogre hits you with a giant club!
You die...

##.....#.................#
#..#...........[.###.#####
..O...........##.###.#
#..##.#.......#...##.###
#..##.........#.P.##...#
#.............#...####.#
...##.........##.#####.#
.......O.......#.#.....#
(.......########@########
........#...###O..###...###
..........P..).._.....P...#
........#...###...###..(#.#
........##### ##.##.#####.#
............# #.#........#
...........## ##.##......##
....#.......###...#......#
##..#.........#.P.#......#


You could see an ogre.

Vanquished Creatures
  An ice beast (D:5)
  An ogre (D:5)
  A centaur (D:5)
  A crimson imp (D:5)
  A jelly (D:5)
  An orc priest (D:3)
  A worker ant (D:5)
  A howler monkey zombie (D:5)
  8 adders
  An ooze (D:3)
  2 worms
  A dart slug (D:1)
  6 giant geckos
  4 orcs (D:3)
  3 giant cockroaches
  5 goblins
  7 hobgoblins
  3 jackals (D:1)
  9 kobolds
  10 bats
  3 giant newts
  4 rats
74 creatures vanquished.

Notes
Turn   | Place    | Note
--------------------------------------------------------------
     0 | D:1      | namelastname112 the Draconian Gladiator began the quest for the Orb.
     0 | D:1      | Reached XP level 1. HP: 17/17 MP: 1/1
   170 | D:1      | Reached XP level 2. HP: 19/25 MP: 2/2
   536 | D:1      | Reached XP level 3. HP: 30/30 MP: 3/3
   721 | D:2      | Found a radiant altar of Vehumet.
   789 | D:2      | Found a bloodstained altar of Trog.
   886 | D:2      | Found a shattered altar of Ashenzari.
  1244 | D:2      | Reached XP level 4. HP: 37/37 MP: 4/4
  1605 | D:2      | Found a snail-covered altar of Cheibriados.
  1992 | D:3      | Reached skill level 4 in Axes
  2018 | D:3      | Reached XP level 5. HP: 5/44 MP: 5/5
  2583 | D:3      | HP: 2/44 [poisoned by an adder]
  2880 | D:3      | Found a basalt altar of Yredelemnul.
  2905 | D:3      | Noticed namelastname112's ghost (amateur DrGl)
  3087 | D:4      | Noticed Dowan
  3088 | D:4      | Noticed Duvessa
  3095 | D:5      | Entered Level 5 of the Dungeon
  3129 | D:5      | Noticed an ice beast
  3132 | D:5      | Found a white marble altar of Elyvilon.
  3207 | D:5      | Killed an ice beast
  3207 | D:5      | Reached XP level 6. HP: 10/51 MP: 6/6
  3562 | D:5      | Got a warped brass ring
  3563 | D:5      | Identified the ring "Millo" {Wiz MR+ Dex+4} (You found it on level 5 of the Dungeon)
  3816 | D:5      | Found Ujifet's Food Shoppe.
  3844 | D:5      | Reached skill level 5 in Axes
  3886 | D:5      | Found a sacrificial altar of Ru.
  4002 | D:5      | Found an iron altar of Okawaru.
  4101 | D:5      | Found a blossoming altar of Fedhas.
  4146 | D:5      | Became a worshipper of Warmaster Okawaru
  4411 | D:5      | Your scales start taking on a rich purple colour.
  4411 | D:5      | Reached XP level 7. HP: 5/59 MP: 7/7
  4414 | D:5      | Slain by an ogre

Vault maps used:
D:1:      lightli_iron_boxes
D:2:      bloody_trog, lemuel_doored_altar, marbit_many_paths,
          evilmike_ruin_ashenzari, first_bread, serial_co_window_serial,
          co_window_corner_a, co_window_paths_b, co_window_corner_a,
          co_window_paths_a, co_window_corner_a, co_window_paths_a,
          co_window_paths_a, co_window_corner_b, co_window_unsneaky_path_a,
          co_window_unsneaky_path_e, co_window_unsneaky_path_c,
          co_window_paths_d, co_window_4corner_a, glass_columns_a,
          glass_columns_a, minmay_bad_closet, grunt_ministairs_9
D:3:      lemuel_crystal_altar, overflow_temple_1_default
D:4:      grunt_pakellas_salt, uniq_duvessa, uniq_sigmund
D:5:      kennysheep_little_box, fedhas_bush_and_centaur_altar,
          elyvilon_altar_1, okawaru_trees_1, serial_shops,
          nicolae_shop_statue_plus, kennysheep_another_room

Skill      XL: |  1  2  3  4  5  6 |
---------------+-------------------+-----
Throwing       | 2 3 |  3.7
Dodging        | 3 4 |  4.1
Axes           | 4 5 |  5.4
Fighting       | 3 4 |  4.0
Invocations    | |  0.7

Action                   |  1- 3 |  4- 6 |  7- 9 || total
-------------------------+-------+-------+-------++-------
Melee: War axe           |    94 |   173 |       ||   267
Throw: Throwing net      |       |     3 |       ||     3
  Use: Potion            |       |     5 |       ||     5
 Stab: Sleeping          |     2 |       |       ||     2
  Eat: Chunk             |     1 |     9 |       ||    10
